 Dungeon Crawl Stone Soup version 0.22-a0-619-ga0c6fd2 (webtiles) character file.

569 tilp the Chiller (level 7, -9/53 (54) HPs)
             Began as a Merfolk Ice Elementalist on July 14, 2018.
             Mangled by an orc warrior
             ... wielding a +0 trident
              (15 damage)
             ... on level 4 of the Dungeon.
             The game lasted 00:16:12 (5811 turns).

tilp the Chiller (Merfolk Ice Elementalist)         Turns: 5811, Time: 00:16:13

HP:   -9/53 (54)    AC:  3    Str:  8    XL:     7   Next: 33%
MP:   10/10         EV: 14    Int: 17    God:
Gold: 175           SH:  0    Dex: 14    Spells: 4/10 levels left

rFire    . . .     SeeInvis .   m - -3 dagger (curse)
rCold    . . .     Gourm    .   (no shield)
rNeg     . . .     Faith    .   a - +0 robe
rPois    .         Spirit   .   (no helmet)
rElec    .         Reflect  .   (no cloak)
rCorr    .         Harm     .   l - +0 pair of gloves (curse)
MR       .....                  (no boots)
Stlth    ++........             (no amulet)
HPRegen  0.17/turn              (no ring)
MPRegen  0.12/turn              (no ring)

@: no status effects
A: change form in water, swift swim, stealthy swim
a: no special abilities


You were on level 4 of the Dungeon.
You were very hungry.

You visited 1 branch of the dungeon, and saw 4 of its levels.
You also visited: Sewer.

You collected 175 gold pieces.

Inventory:

Hand Weapons
 e - a +0 short sword
 j - a cursed +0 blowgun
 m - a cursed -3 dagger (weapon)
 s - a +2 short sword of venom
Missiles
 d - 83 stones
 k - 25 poisoned needles
 o - 8 javelins of returning (quivered)
Armour
 a - a +0 robe (worn)
 l - a cursed +0 pair of gloves (worn)
 v - a +1 leather armour of poison resistance
Scrolls
 f - 2 scrolls of teleportation
 n - a scroll of immolation
 r - 2 scrolls of fear
 w - a scroll of blinking
Potions
 b - a potion of invisibility
 g - 8 potions of curing
 h - a potion of brilliance
 i - a potion of mutation {unknown}
 p - a potion of flight {unknown}
 q - 2 potions of heal wounds
 t - 3 potions of might
 u - a potion of agility {unknown}
Comestibles
 c - 6 rations


   Skills:
 - Level 4.2 Fighting
 + Level 4.8 Dodging
 - Level 2.1 Stealth
 - Level 2.0 Spellcasting
 - Level 0.7 Conjurations
 - Level 7.0 Ice Magic


You had 4 spell levels left.
You knew the following spells:

 Your Spells              Type           Power        Failure   Level  Hunger
a - Freeze                Ice            ####         1%          1    #......
b - Throw Frost           Conj/Ice       ##....       6%          2    ###....
c - Ozocubu's Armour      Chrm/Ice       ##......     14%         3    ###....

Your spell library contained the following spells:

 Spells                   Type           Power        Failure   Level  Hunger
 Summon Ice Beast         Ice/Summ       ##......     41%         4    #####..
 Throw Icicle             Conj/Ice       ##......     36%         4    #####..


Dungeon Overview and Level Annotations

Branches:
Dungeon (4/15)
 Temple: D:4-7

Altars:
Wu Jian

Annotations:
D:4 Menkaure, Sigmund


Message History

Confirm with . or Enter, or press ? or * to list all spells.
Aiming: Freeze (safe; 1% risk of failure)
Press: ? - help, Shift-Dir - straight line, f/p - orc wizard
Aim: an orc wizard, wielding a dagger and wearing a robe (heavily wounded)
You freeze the orc wizard.
You kill the orc wizard!
The orc priest miscasts a cantrip.
You are feeling very hungry.
The orc priest begins to cast a cantrip, but forgets the words!
The orc priest calls down the wrath of Beogh upon you.
You struggle to resist.
The orc priest calls down the wrath of Beogh upon you.
Beogh smites you!
You start resting.
The orc warrior is too close now for your liking.
The orc warrior hits you from afar with a trident!
* * * LOW HITPOINT WARNING * * *
There is a stone staircase leading up here.
The orc warrior hits you from afar with a trident!
You die...

##.....#
###...#.#
########
......#.#
#......#
........#
#..###.#
........#
#......#
........#
#....#####
........#
##.......#
........#
###.###.#
........#
#.#@#.#
...#+#..#
#.#.#.#
...#.##.##
#.#o#.#
...#.##..#
#.#.#.#
#'##....>###
#.o.#.#
#.##..#....#
#####.#
#.##..####.#
#.# #.##..#
#.# #.#
#..#..####.#
# #o#


You could see an orc warrior and an orc priest.

Vanquished Creatures
  A necrophage (D:3)
  3 big kobolds (Sewer)
  An orc wizard (D:4)
  An iguana (D:2)
  Ijyb (D:3)
  A worker ant (D:4)
  5 adders
  2 oozes
  6 worms
  6 dart slugs
  2 leopard geckos
  3 orcs (D:3)
  4 ball pythons
  4 giant cockroaches
  10 goblins
  12 hobgoblins
  15 kobolds
  9 bats
  3 frilled lizards
  A leopard gecko skeleton (D:4)
  7 rats
97 creatures vanquished.

Notes
Turn   | Place    | Note
-------+----------+-------------------------------------------
     0 | D:1      | tilp the Merfolk Ice Elementalist began the quest for the Orb.
     0 | D:1      | Reached XP level 1. HP: 13/13 MP: 3/3
   297 | D:1      | Reached XP level 2. HP: 18/19 MP: 0/5
   623 | D:1      | Reached skill level 4 in Ice Magic
   742 | D:1      | Learned a level 2 spell: Throw Frost
  1076 | D:1      | Reached XP level 3. HP: 19/24 MP: 2/6
  1738 | D:1      | Learned a level 3 spell: Ozocubu's Armour
  2025 | D:2      | Reached skill level 5 in Ice Magic
  2294 | D:2      | Reached XP level 4. HP: 30/30 MP: 3/7
  2935 | D:2      | Reached skill level 6 in Ice Magic
  3054 | D:3      | Reached XP level 5. HP: 35/35 MP: 3/8
  3114 | D:3      | Noticed Ijyb
  3244 | D:3      | Noticed a necrophage
  3326 | D:3      | Found a glowing drain.
  3342 | Sewer    | Entered a sewer
  3491 | Sewer    | Noticed a big kobold
  3491 | Sewer    | Noticed a big kobold
  3525 | Sewer    | Killed a big kobold
  3525 | Sewer    | Reached skill level 7 in Ice Magic
  3671 | Sewer    | Killed a big kobold
  3671 | Sewer    | Reached XP level 6. HP: 38/46 MP: 1/9
  4687 | D:3      | Killed Ijyb
  4722 | D:3      | Killed a necrophage
  4722 | D:3      | Reached XP level 7. HP: 33/53 MP: 0/10
  4966 | D:4      | Noticed Sigmund
  5080 | D:4      | Noticed Menkaure
  5393 | D:4      | Found an ornate altar of the Wu Jian Council.
  5811 | D:4      | Mangled by an orc warrior

Vault maps used:
D:1:      minmay_arrival_glassed_features
D:2:      minmay_statues_item
D:3:      cheibrodos_sewer_entry_bend, kennysheep_cross_bottleneck,
          amethyst_killhole, corexii_corridor_pit, uniq_ijyb
D:4:      wad_lake_hut, overflow_temple_1_default, uniq_sigmund, uniq_menkaure,
          uniq_natasha
Sewer:    kennysheep_pipe_town

Skill      XL: |  1  2  3  4  5  6 |
---------------+-------------------+-----
Ice Magic      | 4 5 6 7 |  7.0
Fighting       | 2 4 |  4.2
Dodging        | 4 |  4.8
Stealth        | |  2.1
Spellcasting   | |  2.0
Conjurations   | |  0.7

Action                   |  1- 3 |  4- 6 |  7- 9 || total
-------------------------+-------+-------+-------++-------
Melee: Short sword       |     6 |       |       ||     6
       Dagger            |     7 |    13 |    17 ||    37
Throw: Stone             |     1 |       |       ||     1
       Javelin           |       |     1 |     3 ||     4
 Cast: Freeze            |    66 |   112 |    10 ||   188
       Throw Frost       |     4 |     9 |       ||    13
       Ozocubu's Armour  |       |     1 |     1 ||     2
Evoke: Wand              |       |       |     2 ||     2
  Use: Scroll            |     4 |     3 |     2 ||     9
       Potion            |       |     6 |       ||     6
 Stab: Sleeping          |       |     2 |       ||     2
  Eat: Chunk             |     5 |    10 |     3 ||    18
Armor: Robe              |    13 |    15 |     3 ||    31
       Skin              |       |     1 |       ||     1
Dodge: Dodged            |    39 |    76 |    13 ||   128

Table legend:
 A = Spawn XP
 B = Non-spawn XP
 C = Spawn XP percentage of total XP
 D = Spawn monster count
 E = Non-spawn monster count
 F = Spawn count percentage of total count
 G = Total turns spent on level
                    A         B        C        D         E        F      G
               +---------+---------+-------+---------+---------+-------+---------
         Total |       0 |     814 |   0.0 |       0 |      97 |   0.0 |  5811
               +---------+---------+-------+---------+---------+-------+---------
           D:1 |       0 |      54 |   0.0 |       0 |      26 |   0.0 |  1873
           D:2 |       0 |     103 |   0.0 |       0 |      24 |   0.0 |  1198
           D:3 |       0 |     219 |   0.0 |       0 |      18 |   0.0 |  1188
           D:4 |       0 |      91 |   0.0 |       0 |       5 |   0.0 |   738
         Sewer |       0 |     347 |   0.0 |       0 |      24 |   0.0 |   814
               +---------+---------+-------+---------+---------+-------+---------
